 Dungeon Crawl Stone Soup version 0.29-a0-717-g6dac4ea423 (webtiles) character file.

Game seed: 8342431349685117767

111 HoaS the Shooter (level 4, -4/26 HPs)
             Began as a Tengu Hunter on June 26, 2022.
             Slain by Crazy Yiuf
             ... wielding a +4 quarterstaff of chaos
              (10 damage)
             ... on level 2 of the Dungeon.
             The game lasted 00:03:11 (2459 turns).

HoaS the Shooter (Tengu Hunter)                     Turns: 2459, Time: 00:03:12

Health: -4/26      AC:  4    Str: 11    XL:     4   Next: 92%
Magic:  5/5        EV: 12    Int:  9    God:
Gold:   200        SH:  0    Dex: 20    Spells: 3/3 levels left

rFire   . . .      SeeInvis +   a - +0 shortbow
rCold   . . .      Faith    .   (shield currently unavailable)
rNeg    . . .      Spirit   .   c - +0 leather armour
rPois   .          Reflect  .   (helmet restricted)
rElec   .          Harm     .   j - +0 cloak
rCorr   .          Rampage  .   (no gloves)
Will    .....                   (boots unavailable)
Stlth   ++........              (no amulet)
HPRegen 0.08/turn               f - ring of see invisible
MPRegen 0.09/turn               h - ring of flight

@: flying, hasted, very quick
A: beak, talons 3
a: no special abilities


You were on level 2 of the Dungeon.
You visited 1 branch of the dungeon, and saw 2 of its levels.

You collected 200 gold pieces.

Inventory:

Hand Weapons
 a - a +0 shortbow (weapon)
Armour
 c - a +0 leather armour (worn)
 j - a +0 cloak (worn)
Jewellery
 f - a ring of see invisible (left hand)
 h - a ring of flight (right hand)
Wands
 l - a wand of polymorph (15)
Scrolls
 b - a scroll of immolation
 d - a scroll of vulnerability
Potions
 e - a potion of haste
 g - a potion of might {unknown}
 i - a potion of flight {unknown}
 k - a potion of brilliance {unknown}
 m - a potion of degeneration {unknown}
 o - a potion of attraction {unknown}
 p - a potion of magic {unknown}


   Skills:
 - Level 2.0 Fighting
 + Level 6.7 Ranged Weapons
 - Level 2.1 Dodging
 - Level 1.0 Stealth


You had 3 spell levels left.
You didn't know any spells.
Your spell library contained the following spells:

 Spells                   Type           Power      Damage    Failure   Level
 Poisonous Vapours        Pois/Air       0%         N/A       63%         2
 Corpse Rot               Necr/Pois/Air  0%         N/A       99%         4
 Alistair's Intoxication  Tmut/Pois      0%         N/A       100%        5
 Borgnjor's Vile Clutch   Necr/Erth      0%         N/A       100%        5
 Eringya's Noxious Bog    Tmut/Pois      0%         N/A       100%        6
 Borgnjor's Revivificati  Necr           0%         N/A       100%        8
 Necromutation            Tmut/Necr      0%         N/A       100%        8
 Death's Door             Necr           0%         N/A       100%        9


Dungeon Overview and Level Annotations

Branches:
Dungeon (2/15)

Altars:
Qazlal
Beogh

Annotations:
D:2 Crazy Yiuf


Innate Abilities, Weirdness & Mutations

You have a beak for a mouth.
You have claws for feet.


Message History

There is an open door here.
There is an open door here.
There is an open door here.
There is an open door here.
There is an open door here.
You see here a +0 leather armour.
Key pressed, stopping explore.
Crazy Yiuf grits, "Mugger song King!"
Crazy Yiuf says, "Prologue rumpyflump cloud!"
Could not explore, unopened runed door.
Could not explore, unopened runed door.
Could not explore, unopened runed door.
Could not explore, unopened runed door.
Could not explore, unopened runed door.
Could not explore, unopened runed door.
The air fills with toxic fumes!
As you read the scroll labelled XUIXODEPTU, it crumbles to dust.
It was a scroll of poison.
As you read the scroll labelled PAIHIZ BIMM, it crumbles to dust.
It is a scroll of identify.
e - 2 potions of haste You reach down and open the door.
Crazy Yiuf whimpers, "Adder song light!"
You feel yourself speed up.
Crazy Yiuf hits you with a +4 quarterstaff of chaos!
Ouch! That really hurt!
Fire: a) +0 shortbow
Press: ? - help, Q - select action, (/) - cycle Shift-Dir - straight line, f - Crazy Yiuf
Aim: Crazy Yiuf, wielding a +4 quarterstaff of chaos and wearing a +0 cloak (69% to hit)
You shoot an arrow. The arrow barely misses Crazy Yiuf.
Crazy Yiuf hits you with a +4 quarterstaff of chaos.
Crazy Yiuf burns you.
* * * LOW HITPOINT WARNING * * *
Fire: a) +0 shortbow
Press: ? - help, Q - select action, (/) - cycle Shift-Dir - straight line, f/p - Crazy Yiuf
Aim: Crazy Yiuf, wielding a +4 quarterstaff of chaos and wearing a +0 cloak (69% to hit)
You shoot an arrow. The arrow hits Crazy Yiuf.
Crazy Yiuf is moderately wounded.
Crazy Yiuf hits you with a +4 quarterstaff of chaos!
You die...

#.# #.#.....)##.#
#.# #.#
#.#......##.# ###
#.#
#.#......##.##
#.##
###########..#
#..# ##.#
##.###♣♣♣♣♣
####.#####
#.#....♣§♣♣♣ ###
#.........
#.......♣§§♣#...#
####.#####
#......♣♣♣♣@g...#
#.## # ##....♣♣
♣♣#..)# #..# #
####♣♣ ### ##.#
## #.###. #..##.
##.##. #..#.
###.#. #...#.


You could see Crazy Yiuf.

Vanquished Creatures
  3 gnolls (D:2)
  A worm (D:2)
  A dart slug (D:1)
  3 orcs (D:2)
  A ball python (D:2)
  3 bats (D:1)
  5 endoplasms
  4 giant cockroaches
  8 goblins
  11 hobgoblins
  8 jackals
  A quokka (D:1)
  3 frilled lizards
  5 kobolds
  9 rats
66 creatures vanquished.

Notes
Turn   | Place    | Note
-------+----------+-------------------------------------------
     0 | D:1      | HoaS the Tengu Hunter began the quest for the Orb.
     0 | D:1      | Reached XP level 1. HP: 12/12 MP: 2/2
    63 | D:1      | Reached XP level 2. HP: 17/17 MP: 3/3
    86 | D:1      | Reached skill level 5 in Ranged Weapons
   579 | D:1      | Reached XP level 3. HP: 21/21 MP: 4/4
   991 | D:2      | Found a stormy altar of Qazlal.
  1101 | D:2      | Identified the +4 cloak of Buh Otti {rC+++ Slay-6 SInv}
  1131 | D:2      | Reached skill level 6 in Ranged Weapons
  1131 | D:2      | Reached XP level 4. HP: 23/26 MP: 5/5
  1207 | D:2      | HP: 1/26 [gnoll/+0 halberd (9)]
  2106 | D:2      | Found a runed translucent door.
  2107 | D:2      | Noticed Crazy Yiuf
  2335 | D:2      | Found a faded altar of an unknown god.
  2459 | D:2      | Slain by Crazy Yiuf

Illustrated notes

Levels and vault maps discovered:
D:1:      grunt_arrival_lava_bath, layout_basic, minmay_parallelograms
D:2:      cheibrodos_greedy_goblins, layout_basic, basic_altar,
          hellmonk_ecumenical_altar_defaced_shrine, uniq_crazy_yiuf_cottage

Skill      XL: |  1  2  3 |
---------------+----------+-----
Ranged Weapons | 5 6 |  6.7
Fighting       | |  2.0
Dodging        | |  2.1
Stealth        | |  1.0

Action                   |  1- 3 |  4- 6 || total
-------------------------+-------+-------++-------
 Fire: Shortbow          |    91 |    56 ||   147
  Use: Scroll            |     2 |     2 ||     4
       Potion            |       |     1 ||     1
Armor: Leather armour    |    10 |    10 ||    20
Dodge: Dodged            |    21 |    30 ||    51

Table legend: (Time is in decaauts)
 A = Elapsed time spent in this place.
 B = Non-inter-level travel time spent in this place.
 C = Inter-level travel time spent in this place.
 D = Time resting spent in this place.
 E = Time spent auto-exploring this place.
 F = Levels seen in this place.
 G = Mean time per level.
                   A        B        C        D        E       F      G
               +--------+--------+--------+--------+--------+-----+--------+
         Total |   2498 |   2423 |     75 |    957 |   1111 |   2 | 1249.0 |
       Dungeon |   2498 |   2423 |     75 |    957 |   1111 |   2 | 1249.0 |
               +--------+--------+--------+--------+--------+-----+--------+

Top non-repeatable levels by time:
     D:1: 1644 daAuts
     D:2: 853 daAuts
